 Dungeon Crawl Stone Soup version 0.23-a0-139-ga22e90c45f (webtiles) character file.

1694 Holzbalken the Basher (level 9, -10/51 HPs)
             Began as a Gargoyle Monk on Aug 31, 2018.
             Killed by divine providence
             ... invoked by an orc priest
              (12 damage)
             ... on level 6 of the Dungeon.
             The game lasted 00:23:41 (6046 turns).

Holzbalken the Basher (Gargoyle Monk)               Turns: 6046, Time: 00:23:42

Health: -10/51     AC: 20    Str: 17    XL:     9   Next: 2%
Magic:  9/9        EV: 10    Int: 12    God:
Gold:   222        SH:  0    Dex: 12    Spells: 8/8 levels left

rFire    . . .     SeeInvis .   a - +0 mace
rCold    + . .     Gourm    .   (no shield)
rNeg     + . .     Faith    .   o - +0 scale mail
rPois    ∞         Spirit   .   (no helmet)
rElec    +         Reflect  .   (no cloak)
rCorr    .         Harm     .   m - +1 pair of gloves
MR       .....                  (no boots)
Stlth    +.........             (no amulet)
HPRegen  0.17/turn              f - ring of protection from cold
MPRegen  0.11/turn              d - +4 ring of protection

@: no status effects
A: negative energy resistance 1, electricity resistance, unbreathing,
petrification resistance, rot immunity, AC +6
a: no special abilities


You were on level 6 of the Dungeon.
You were not hungry.

You visited 1 branch of the dungeon, and saw 6 of its levels.

You collected 222 gold pieces.

Inventory:

Hand Weapons
 a - a +0 mace (weapon)
 j - a +5 dire flail of holy wrath
Armour
 b - a +0 robe
 l - a +0 leather armour
 m - a +1 pair of gloves (worn)
 o - a +0 scale mail (worn)
 t - a +0 shield
Jewellery
 d - a +4 ring of protection (right hand)
 f - a ring of protection from cold (left hand)
Scrolls
 e - a scroll of enchant armour
 g - a scroll of identify
 i - 4 scrolls of teleportation
 u - a scroll of amnesia
Potions
 h - a potion of curing
 k - a potion of lignification
 n - a potion of berserk rage
 p - a potion of brilliance
 q - a potion of magic
 s - a potion of flight
Comestibles
 c - 11 rations


   Skills:
 - Level 3.2 Fighting
 + Level 10.0 Maces & Flails
 + Level 6.2 Armour
 - Level 2.4 Dodging
 - Level 2.1 Stealth


You had 8 spell levels left.
You didn't know any spells.
Your spell library contained the following spells:

 Spells                   Type           Power        Failure   Level  Hunger
 Beastly Appendage        Tmut           #.....       69%         1    ##.....
 Confusing Touch          Hex            #.....       69%         1    ##.....
 Sting                    Conj/Pois      #...         69%         1    ##.....
 Poisonous Vapours        Pois/Air       #.....       83%         2    ###....
 Sticks to Snakes         Tmut           #.......     83%         2    ###....
 Confuse                  Hex            #.......     96%         3    ####...
 Gell's Gravitas          Tloc           #.........   96%         3    ####...
 Mephitic Cloud           Conj/Pois/Air  #.......     96%         3    ####...
 Spider Form              Tmut/Pois      #.........   96%         3    ####...
 Ice Form                 Ice/Tmut       #.......     100%        4    #####..
 Olgreb's Toxic Radiance  Pois           #.......     100%        4    #####..
 Petrify                  Tmut/Erth      #.......     100%        4    #####..
 Blade Hands              Tmut           #.........   100%        5    ######.
 Metabolic Englaciation   Hex/Ice        #.........   100%        5    ######.
 Venom Bolt               Conj/Pois      #.........   100%        5    ######.
 Yara's Violent Unravell  Hex/Tmut       #.........   100%        5    ######.


Dungeon Overview and Level Annotations

Branches:
Dungeon (6/15)
 Temple: D:4-7

Altars:
Fedhas
Ru
Trog

Shops:
D:6 :


Innate Abilities, Weirdness & Mutations

You are resistant to torment.
Your stone body is resilient. (AC +6)
You are immune to poison.
You resist negative energy. (rN+)
You are resistant to electric shocks. (rElec)
You can survive without breathing.
You are immune to petrification.
You are immune to rotting.


Message History

The orc wizard casts a spell at you. The puff of flame misses you.
The orc wizard hits you but does no damage.
You closely miss the orc wizard.
The orc wizard is almost dead.
The orc wizard hits you but does no damage.
The orc hits you with a hand axe.
* * * LOW HITPOINT WARNING * * *
The orc wizard hits you but does no damage.
You closely miss the orc wizard.
The orc wizard is almost dead.
The orc wizard casts a cantrip, but nothing happens.
The orc wizard casts a spell.
The orc wizard blinks!
The orc priest hits you but does no damage.
The orc hits you but does no damage. The orc wizard hits you with a dagger.
* * * LOW HITPOINT WARNING * * *
The orc priest calls down the wrath of Beogh upon you.
Beogh smites you!
You die...

..# #.......#..##.####...## ..#
#########.......##.#.# ..#
#.......##.#.# ..######
#.#.#...##.#.# ..#....#####
#,#........#.##### ...........#
*,#....##........# ...........#
#,#....##.#.####.# ...........#
#.#.....#.#.#,,,,*
)..........###..@o.#.#.#.#,****
...)).).........#.o).#+#.#,****
####)####.......§o.......#,,,,*
#<# *#......##.......#***,* ###
#..o...............,,*
#######.........###***
#........## #........#
#........#


You could see an orc priest, 2 orc wizards and an orc.

Vanquished Creatures
  Sigmund (D:3)
  Edmund (D:4)
  A water moccasin (D:4)
  Duvessa (D:6)
  A centaur (D:6)
  A bullfrog (D:6)
  Dowan (D:6)
  A scorpion (D:6)
  6 electric eels (D:5)
  2 howler monkeys
  3 hounds
  2 orc priests
  A bullfrog skeleton (D:4)
  5 orc wizards
  2 worker ants
  A killer bee zombie (D:6)
  A hound zombie (D:5)
  A howler monkey skeleton (D:6)
  8 gnolls
  4 adders
  2 shadow imps
  An ooze (D:2)
  4 worms (D:2)
  3 dart slugs
  3 leopard geckos
  20 orcs
  6 bats
  5 giant cockroaches
  10 goblins
  13 hobgoblins
  6 jackals
  A quokka (D:6)
  3 ball pythons (D:2)
  5 frilled lizards
  6 kobolds
  10 rats
142 creatures vanquished.

Vanquished Creatures (others)
  A plant (D:5)
1 creature vanquished.

Grand Total: 143 creatures vanquished

Notes
Turn   | Place    | Note
-------+----------+-------------------------------------------
     0 | D:1      | Holzbalken the Gargoyle Monk began the quest for the Orb.
     0 | D:1      | Reached XP level 1. HP: 14/14 MP: 1/1
   127 | D:1      | Reached XP level 2. HP: 16/19 MP: 2/2
   588 | D:1      | Reached skill level 4 in Maces & Flails
   761 | D:1      | Reached XP level 3. HP: 23/23 MP: 3/3
  1516 | D:2      | Reached XP level 4. HP: 26/28 MP: 4/4
  1662 | D:2      | Reached skill level 5 in Maces & Flails
  2143 | D:3      | Noticed Sigmund
  2254 | D:3      | Reached XP level 5. HP: 30/32 MP: 5/5
  2345 | D:3      | Reached skill level 6 in Maces & Flails
  2399 | D:3      | Found a blossoming altar of Fedhas.
  2858 | D:3      | Killed Sigmund
  2858 | D:3      | Reached skill level 7 in Maces & Flails
  2858 | D:3      | Reached XP level 6. HP: 26/37 MP: 6/6
  3292 | D:4      | Reached XP level 7. HP: 37/41 MP: 7/7
  3301 | D:4      | Noticed Edmund
  3315 | D:4      | HP: 2/41 [Edmund/dire flail of holy wrath (4)]
  3338 | D:4      | Killed Edmund
  3338 | D:4      | Reached skill level 8 in Maces & Flails
  3690 | D:4      | Reached skill level 1 in Armour
  3732 | D:5      | Entered Level 5 of the Dungeon
  3732 | D:5      | Found a bloodstained altar of Trog.
  3918 | D:5      | Reached XP level 8. HP: 24/46 MP: 8/8
  4408 | D:5      | Reached skill level 9 in Maces & Flails
  4799 | D:5      | Found a sacrificial altar of Ru.
  4862 | D:6      | Found Lobb's Book Emporium.
  5312 | D:5      | Reached skill level 5 in Armour
  5824 | D:6      | Noticed Duvessa
  5826 | D:6      | Noticed Dowan
  5843 | D:6      | Killed Duvessa
  5858 | D:6      | Killed Dowan
  5858 | D:6      | Reached skill level 10 in Maces & Flails
  5858 | D:6      | Reached XP level 9. HP: 27/51 MP: 9/9
  6044 | D:6      | HP: 2/51 [orc/hand axe (3)]
  6046 | D:6      | Killed from afar by an orc priest

Vault maps used:
D:1:      matt_arrival_los_fun, minmay_tree_intersection
D:2:      first_ration
D:3:      fedhas_altar_1, uniq_sigmund
D:4:      serial_co_window_serial, co_window_paths_a, co_window_paths_a,
          co_window_corner_a, co_window_paths_a, co_window_of_opportunity_a,
          co_window_broadway_c, co_window_of_opportunity_b,
          co_window_of_opportunity_b, co_window_corner_b,
          co_window_of_opportunity_b, co_window_corner_b, glass_columns_b,
          amethyst_killhole, uniq_edmund
D:5:      cheibrodos_two_vegetables, old_standard_altar, lemuel_crystal_altar
D:6:      serial_shops, nicolae_shop_window_shopping, nicolae_underground_beach,
          uniq_duvessa

Skill      XL: |  1  2  3  4  5  6  7  8 |
---------------+-------------------------+-----
Maces & Flails | 4 5 7 8 10 | 10.0
Armour         | 3 6 |  6.2
Fighting       | |  3.2
Dodging        | |  2.4
Stealth        | |  2.1

Action                   |  1- 3 |  4- 6 |  7- 9 || total
-------------------------+-------+-------+-------++-------
Melee: Mace              |   135 |   232 |   113 ||   480
       Dire flail        |       |       |   150 ||   150
  Use: Potion            |       |     3 |     1 ||     4
       Scroll            |       |     2 |    10 ||    12
 Stab: Sleeping          |     1 |       |       ||     1
  Eat: Chunk             |     2 |     6 |     9 ||    17
Armor: Robe              |    40 |    23 |       ||    63
       Leather armour    |       |    95 |     4 ||    99
       Skin              |       |    23 |    10 ||    33
       Scale mail        |       |       |   155 ||   155
Dodge: Dodged            |   112 |   156 |   106 ||   374

Table legend:
 A = Non-vault XP
 B = Vault XP
 C = Vault XP percentage of total XP
 D = Non-vault monster count
 E = Vault monster count
 F = Vault count percentage of total count
                 A         B        C        D         E       F
            +---------+---------+-------+---------+---------+-------
      Total |    1487 |     933 |  38.6 |     131 |      11 |   7.7
            +---------+---------+-------+---------+---------+-------
        D:1 |      44 |       0 |   0.0 |      25 |       0 |   0.0
        D:2 |      72 |       0 |   0.0 |      26 |       0 |   0.0
        D:3 |     191 |     220 |  53.5 |      33 |       1 |   2.9
        D:4 |     382 |     162 |  29.8 |      12 |       1 |   7.7
        D:5 |     203 |     337 |  62.4 |      14 |       7 |  33.3
        D:6 |     595 |     214 |  26.5 |      21 |       2 |   8.7
            +---------+---------+-------+---------+---------+-------
